 Dungeon Crawl Stone Soup version 0.22.1 (webtiles) character file.

67 Fang the Skirmisher (level 4, -1/29 HPs)
             Began as a Gargoyle Berserker on Sept 17, 2018.
             Was a Believer of Trog.
             Killed from afar by an orc wizard (6 damage)
             ... with a magic dart
             ... on level 2 of the Dungeon.
             The game lasted 00:02:05 (1938 turns).

Fang the Skirmisher (Gargoyle Berserker)            Turns: 1938, Time: 00:02:05

Health: -1/29      AC:  5    Str: 21    XL:     4   Next: 18%
Magic:  4/4        EV: 12    Int:  8    God:    Trog [**....]
Gold:   61         SH:  0    Dex:  9    Spells: 3/3 levels left

rFire    + . .     SeeInvis .   a - +0 hand axe
rCold    . . .     Gourm    .   (no shield)
rNeg     + . .     Faith    .   b - +0 animal skin
rPois    ∞         Spirit   .   (no helmet)
rElec    +         Reflect  .   (no cloak)
rCorr    .         Harm     .   (no gloves)
MR       .....                  (no boots)
Stlth    +.........             (no amulet)
HPRegen  0.09/turn              i - ring of protection from fire
MPRegen  0.09/turn              (no ring)

@: slowed, very slow
A: negative energy resistance 1, electricity resistance, unbreathing,
petrification resistance, rot immunity, AC +3
a: Berserk, Trog's Hand, Renounce Religion


You were on level 2 of the Dungeon.
You worshipped Trog.
Trog was pleased with you.
You were not hungry.

You visited 1 branch of the dungeon, and saw 3 of its levels.

You collected 61 gold pieces.

Inventory:

Hand Weapons
 a - a +0 hand axe (weapon)
Armour
 b - a +0 animal skin (worn)
Jewellery
 i - a ring of protection from fire (left hand)
Scrolls
 e - a scroll of magic mapping {unknown}
 f - 4 scrolls of teleportation {unknown}
 g - a scroll of remove curse {unknown}
 h - a scroll of amnesia {unknown}
Potions
 d - a potion of lignification {unknown}
Comestibles
 c - 2 rations


   Skills:
 + Level 3.9 Fighting
 + Level 3.6 Axes
 + Level 2.3 Armour
 + Level 2.1 Dodging


You had 3 spell levels left.
You didn't know any spells.
Your spell library was empty.

Dungeon Overview and Level Annotations

Branches:
Dungeon (3/15)

Altars:
Elyvilon
Kikubaaqudgha
Xom


Innate Abilities, Weirdness & Mutations

You are resistant to torment.
Your stone body is resilient. (AC +3)
You are immune to poison.
You resist negative energy. (rN+)
You are resistant to electric shocks. (rElec)
You can survive without breathing.
You are immune to petrification.
You are immune to rotting.


Message History

Something hits you but does no damage. Something hits you.
Something hits you but does no damage. Something hits you but does no damage.
Something hits you. Something hits you but does no damage.
There is a stone staircase leading down here.
You miss something. Something hits you. Something hits you but does no damage.
You barely miss something. Something hits you.
Something hits you but does no damage. Something hits you.
You miss something.
You hear some strange, mumbled words.
A magic dart appears from out of thin air!
The magic dart hits you!
* * * LOW HITPOINT WARNING * * *
Something hits you but does no damage.
You barely miss something.
You hear some strange, mumbled words.
A magic dart appears from out of thin air!
The magic dart hits you!
You die...

........##
#........####.)#...
#######..##
#..............#...
..........#
#............###...
########..# #............#
#...
#....##...#####......[.....#
##..
#._≈....⌠.#............#...#
##.
#...≈.......###........#...#
## #...≈.≈≈..###
#.{.)....#...# ##.≈≈≈≈≈..#
#.@..........# ##..≈≈≈≈≈.#
#######...#### #..≈≈≈≈≈≈.#
#...# ..⌠......## #...#
.........# ##### ......####
#######


There were no monsters in sight!

Vanquished Creatures
  2 adders (D:2)
  2 worms (D:2)
  2 dart slugs
  A leopard gecko (D:1)
  2 orcs (D:3)
  9 bats
  A giant cockroach (D:1)
  2 goblins
  5 hobgoblins
  2 jackals (D:2)
  A quokka (D:2)
  2 frilled lizards
  3 kobolds
  5 rats
39 creatures vanquished.

Notes
Turn   | Place    | Note
-------+----------+-------------------------------------------
     0 | D:1      | Fang the Gargoyle Berserker began the quest for the Orb.
     0 | D:1      | Reached XP level 1. HP: 14/14 MP: 1/1
   178 | D:1      | Reached XP level 2. HP: 16/19 MP: 2/2
   563 | D:2      | Found a shimmering altar of Xom.
   580 | D:2      | Reached XP level 3. HP: 14/24 MP: 3/3
   810 | D:2      | Found an ancient bone altar of Kikubaaqudgha.
  1139 | D:2      | Reached ** piety under Trog
  1140 | D:2      | Reached XP level 4. HP: 25/29 MP: 4/4
  1150 | D:2      | Found a white marble altar of Elyvilon.
  1614 | D:2      | HP: 1/29 [something (3)]
  1938 | D:2      | Killed from afar by an orc wizard

Skill      XL: |  1  2  3 |
---------------+----------+-----
Axes           | 3 |  3.6
Dodging        | 2 |  2.1
Fighting       | |  3.9
Armour         | |  2.3

Action                   |  1- 3 |  4- 6 || total
-------------------------+-------+-------++-------
Melee: Hand axe          |   108 |    19 ||   127
Invok: Berserk           |     1 |     1 ||     2
  Eat: Chunk             |     1 |     1 ||     2
       Ration            |       |     1 ||     1
Armor: Animal skin       |    51 |    20 ||    71
Dodge: Dodged            |   112 |     2 ||   114
